 Dungeon Crawl Stone Soup version 0.25-a0-566-g062765be81 (webtiles) character file.

Game seed: 12447579470272917596, levelgen mode: deterministic

226 Flugslaktarn the Chopper (level 5, -1/47 HPs)
             Began as a Minotaur Fighter on Feb 27, 2020.
             Killed by nerve-wracking pain
             ... invoked by Grinder
              (3 damage)
             ... on level 5 of the Dungeon.
             The game lasted 00:00:43 (1007 turns).

Flugslaktarn the Chopper (Minotaur Fighter)         Turns: 1007, Time: 00:00:44

Health: -1/47      AC: 12    Str: 22    XL:     5   Next: 69%
Magic:  4/4        EV:  4    Int:  5    God:
Gold:   37         SH:  9    Dex:  9    Spells: 4/4 levels left

rFire    . . .     SeeInvis .   a - +0 war axe
rCold    . . .     Gourm    .   c - +0 kite shield
rNeg     . . .     Faith    .   h - +0 plate armour
rPois    .         Spirit   .   (helmet restricted)
rElec    .         Reflect  .   (no cloak)
rCorr    .         Harm     .   (no gloves)
MR       .....                  (no boots)
Stlth    ..........             (no amulet)
HPRegen  0.15/turn              (no ring)
MPRegen  0.09/turn              (no ring)

@: no status effects
A: retaliatory headbutt, horns 2
a: no special abilities


You were on level 5 of the Dungeon.
You were hungry.

You visited 1 branch of the dungeon, and saw 4 of its levels.

You collected 37 gold pieces.

Inventory:

Hand Weapons
 a - a +0 war axe (weapon)
Armour
 b - a +0 scale mail
 c - a +0 kite shield (worn)
 h - a +0 plate armour (worn)
   (You found it on level 2 of the Dungeon)
Scrolls
 f - a scroll of identify {unknown}
 k - 4 scrolls of enchant weapon {unknown}
 l - a scroll of remove curse {unknown}
 n - a scroll of enchant armour {unknown}
Potions
 d - a potion of might
 g - 2 potions of stabbing {unknown}
 i - a potion of lignification {unknown}
 m - a potion of mutation {unknown}
 o - a potion of cancellation {unknown}
Comestibles
 e - 5 rations
 j - 19 chunks of flesh


   Skills:
 + Level 4.7 Fighting
 * Level 4.9 Axes
 + Level 4.7 Armour
 + Level 4.8 Shields


You had 4 spell levels left.
You didn't know any spells.
Your spell library was empty.

Dungeon Overview and Level Annotations

Branches:
Dungeon (3/15)

Altars:
Ashenzari

Annotations:
D:5 Grinder


Innate Abilities, Weirdness & Mutations

You reflexively headbutt those who attack you in melee.
You have a pair of horns on your head.


Message History

You barely resist. Grinder hits you but does no damage.
You slash Grinder!
Grinder is heavily wounded.
Grinder hits you but does no damage.
Your shield and plate armour prevent you from hitting Grinder.
Grinder is heavily wounded.
Grinder hits you but does no damage.
You closely miss Grinder.
Grinder is heavily wounded.
Grinder says, "You look like you could use a good racking."
Grinder hits you.
* * * LOW HITPOINT WARNING * * *
You writhe in agony.
* * * LOW HITPOINT WARNING * * *
You block Grinder's attack.
You closely miss Grinder. Your headbutt misses Grinder.
Grinder is heavily wounded.
Grinder gestures at you. Pain shoots through your body!
You die...

####### #.....#
##.######..@..#
......>†..!5..#
##.#..###.....#
#. #.....# #
#######


You could see Grinder.

Vanquished Creatures
  An ogre (D:5)
  A scorpion (D:5)
  A hound (D:5)
  Robin (D:3)
  2 adders (D:3)
  2 worms (D:2)
  2 leopard geckos (D:3)
  2 giant cockroaches
  7 goblins
  2 hobgoblins
  4 kobolds
  4 bats
  2 frilled lizards
  3 rats
34 creatures vanquished.

Notes
Turn   | Place    | Note
-------+----------+-------------------------------------------
     0 | D:1      | Flugslaktarn the Minotaur Fighter began the quest for the
                  | Orb.
     0 | D:1      | Reached XP level 1. HP: 19/19 MP: 0/0
     7 | D:1      | Found a shattered altar of Ashenzari.
   196 | D:2      | Reached XP level 2. HP: 24/27 MP: 1/1
   575 | D:3      | Reached XP level 3. HP: 32/33 MP: 2/2
   810 | D:3      | Noticed Robin
   825 | D:3      | Killed Robin
   935 | D:3      | Found a faded altar of an unknown god.
   968 | D:3      | You fall into a shaft and drop 2 floors!
   968 | D:5      | Entered Level 5 of the Dungeon
   971 | D:5      | Noticed an ogre
   972 | D:5      | Noticed a scorpion
   976 | D:5      | Killed an ogre
   976 | D:5      | Reached XP level 4. HP: 22/41 MP: 3/3
   976 | D:5      | Reached XP level 5. HP: 26/47 MP: 4/4
   982 | D:5      | Noticed Grinder
  1006 | D:5      | HP: 2/47 [Grinder (1)]
  1007 | D:5      | Killed from afar by Grinder

Levels and vault maps discovered:
D:1:      mrwooster_arrival_arrow, layout_basic, ashenzari_altar_1
D:2:      layout_basic, first_ration
D:3:      layout_loops_ring, old_standard_altar,
          chequers_ecumenical_altar_simple, minmay_misc_feat_secret_circle,
          uniq_robin
D:5:      layout_loops_cross, grunt_temple_overflow_bloody_war,
          eat_drink_and_be_merry_uskayaw, uniq_pikel, uniq_grinder, uniq_ijyb

Skill      XL: |  1  2  3 |
---------------+----------+-----
Axes           | 3 4 |  4.9
Shields        | 4 |  4.8
Fighting       | 4 |  4.7
Armour         | 4 |  4.7

Action                   |  1- 3 |  4- 6 || total
-------------------------+-------+-------++-------
Melee: War axe           |    82 |    20 ||   102
       Headbutt          |    10 |     1 ||    11
Armor: Plate armour      |    49 |     9 ||    58
       Scale mail        |     4 |       ||     4
Dodge: Dodged            |    17 |     3 ||    20
Block: Kite shield       |    44 |     8 ||    52

Table legend:
 A = Non-vault XP
 B = Vault XP
 C = Vault XP percentage of total XP
 D = Non-vault monster count
 E = Vault monster count
 F = Vault count percentage of total count
                 A         B        C        D         E       F
            +---------+---------+-------+---------+---------+-------
      Total |     295 |      28 |   8.7 |      26 |       8 |  23.5
            +---------+---------+-------+---------+---------+-------
        D:1 |       9 |       0 |   0.0 |       6 |       0 |   0.0
        D:2 |      14 |       0 |   0.0 |       6 |       0 |   0.0
        D:3 |      40 |      28 |  41.2 |      10 |       8 |  44.4
        D:5 |     232 |       0 |   0.0 |       4 |       0 |   0.0
            +---------+---------+-------+---------+---------+-------
